 Dungeon Crawl Stone Soup version 0.31-a0-435-g2c6fae2916 (webtiles) character file.

Game seed: 10127769629733843802

42 MisterAzrael the Magician (level 3, -4/28 HPs)
             Began as a Djinni Fire Elementalist on Aug 2, 2023.
             Killed from afar by a white imp (7 damage)
             ... with a puff of frost
             ... on level 3 of the Dungeon.
             The game lasted 00:02:53 (1491 turns).

MisterAzrael the Magician (DjFE)                    Turns: 1491, Time: 00:02:53

Health: -4/28      AC:  2    Str:  7    XL:     3   Next: 80%
Gold:   45         EV: 12    Int: 18    God:
                   SH:  0    Dex: 13

rFire   + + .        b - +2 dagger (speed)
rCold   x . .        (no shield)
rNeg    . . .        a - +0 robe
rPois   ∞            (no helmet)
rElec   .            (no cloak)
rCorr   .            (no gloves)
SInv    .            (boots unavailable)
Will    .....        (no amulet)
Stlth   ++           (no ring)
HPRegen 0.24/turn    (no ring)
MPRegen 0.00/turn

%: infuse magic (-5 HP)
@: flying
A: sickness immunity, fire resistance 2, cold vulnerability 1, float, innate
caster, HP casting, extra vitality 1
a: no special abilities


You were on level 3 of the Dungeon.
You visited 1 branch of the dungeon, and saw 3 of its levels.

You collected 45 gold pieces.

Inventory:

Hand Weapons
 b - a +2 dagger of speed (weapon)
Armour
 a - a +0 robe (worn)
Scrolls
 e - a scroll of revelation {unknown}
 g - 5 scrolls of identify {unknown}
 h - 2 scrolls of fear {unknown}
 i - a scroll of enchant weapon {unknown}
 j - 3 scrolls of teleportation {unknown}
 k - 2 scrolls of amnesia {unknown}
Potions
 c - a potion of resistance {unknown}
 d - 2 potions of enlightenment {unknown}
 f - a potion of degeneration {unknown}
 l - a potion of cancellation {unknown}
 m - a potion of curing {unknown}


   Skills:
 * Level 2.0 Fighting
 - Level 2.1 Dodging
 - Level 1.5 Stealth
 * Level 3.4 Spellcasting
 * Level 3.4 Conjurations
 * Level 3.4 Hexes
   Level 0.0 Charms
 * Level 3.4 Summonings
 * Level 3.4 Necromancy
 * Level 3.4 Translocations
 * Level 3.4 Transmutations
 * Level 3.4 Fire Magic
 * Level 3.4 Ice Magic
 * Level 3.4 Air Magic
 * Level 3.4 Earth Magic
 * Level 3.4 Poison Magic


You knew the following spells:

 Your Spells              Type           Power      Damage    Failure   Level
a - Foxfire               Conj/Fire      60%        2x1d7     3%          1
b - Scorch                Fire           30%        2d6       6%          2
c - Volatile Blastmotes   Fire/Tloc      30%        2d12      12%         3
d - Inner Flame           Hex/Fire       15%        N/A       12%         3
e - Flame Wave            Conj/Fire      15%        2d7       36%         4
f - Necrotise             Necr           60%        1d7       3%          1
Your spell library was empty.

Dungeon Overview and Level Annotations

Branches:
Dungeon (3/15)

Altars:

Shops:
D:1 *

Annotations:
D:1 2 transporters


Innate Abilities, Weirdness & Mutations

You are immune to sickness and miasma.
You are immune to poison.
Your flesh is very heat resistant. (rF++)
You are vulnerable to cold. (rC-)
You float through the air rather than walking.
You learn spells naturally, not from books.
Your magical power is your life essence.
You have superior vitality. (+4 MHP)


Message History

You kill the giant cockroach!
m - a glowing black potion
Found a cloak.
k - 2 scrolls labelled JYNORPHEURE (gained 1)
g - 3 scrolls labelled YZACUI IPLI (gained 1)
g - 4 scrolls labelled YZACUI IPLI (gained 1)
You see here a +4 scale mail.
No target in view!
No target in view!
You see here Great Wizards, Vol.
VII.
Found a chain mail.
g - 5 scrolls labelled YZACUI IPLI (gained 1)
There is a stone staircase leading down here.
Done exploring.
Done exploring.
(D) Dungeon
Where to? (Enter - D:2, ? - help)
What level of the Dungeon? (default 1, ? - help)
There is a stone staircase leading down here.
You fly downwards.
The white imp shouts!
Found four items.
Found a stone staircase leading up.
There is a stone staircase leading up here.
A white imp is nearby!
A white imp is nearby!
You can't see any susceptible monsters within range! (Use Z to cast anyway.)
Found 3 stones.
The white imp gestures at you. The puff of frost hits you!
You feel a terrible chill!
Flames lash the white imp.
The white imp is burned terribly!
The white imp is almost dead.
The white imp's fire resistance burns away.
The white imp gestures at you. The puff of frost hits you!
You feel a terrible chill!
Ouch! That really hurt!
* * * LOW HITPOINT WARNING * * *
Found a stone staircase leading up.
The white imp gestures at you. The puff of frost hits you!
You feel a terrible chill!
You die...

##########
#........#
###........#
.(..5......#
#?....<...#
#.......<.#
#.....@...#
##........#
..^........#
...........#
......!....#
...?##.#####
#... #[ #.<
..


You could see a white imp (combustible).

Vanquished Creatures
  2 bats (D:2)
  2 endoplasms (D:1)
  2 giant cockroaches (D:2)
  3 hobgoblins (D:1)
  8 jackals (D:1)
  4 kobolds
  2 quokkas
  7 ball pythons
  2 frilled lizards
  6 rats
38 creatures vanquished.

Vanquished Creatures (others)
  26 foxfires (D:1)
26 creatures vanquished.

Grand Total: 64 creatures vanquished

Notes
Turn   | Place    | Note
-------+----------+-------------------------------------------
     0 | D:1      | MisterAzrael the Djinni Fire Elementalist began the quest
                  | for the Orb.
     0 | D:1      | MisterAzrael set off with the following spells memorised:
                  | Foxfire, Scorch, Volatile Blastmotes, Inner Flame, Flame
                  | Wave.
     0 | D:1      | Reached XP level 1. HP: 15/15 MP: 0/0
   144 | D:1      | Reached XP level 2. HP: 17/22 MP: 0/0
   202 | D:1      | Reached skill level 1 in Fighting
   211 | D:1      | Found a transporter.
   213 | D:1      | Found Beicw's Assorted Antiques.
   287 | D:1      | Found a transporter.
   350 | D:1      | Found a faded altar of an unknown god.
   687 | D:1      | Reached XP level 3. HP: 21/27 MP: 0/0
   687 | D:1      | Learned a level 1 spell: Necrotise
  1491 | D:3      | Killed from afar by a white imp

Illustrated notes

Levels and vault maps discovered:
D:1:      lightli_arrival_statue_moat, layout_loops_cross,
          shapermc_ecumenical_altar_gd, serial_shops, nicolae_shop_drivethru
D:2:      layout_rooms, nicolae_concentric_dashed_squares_mild,
          amcnicky_mini_corridor_feature, ebering_dispersal_statue_hall
D:3:      layout_rooms, jmf_multi_god_temple2

Skill      XL: |  1  2  3 |
---------------+----------+-----
Spellcasting   | |  3.4
Conjurations   | |  3.4
Hexes          | |  3.4
Summonings     | |  3.4
Necromancy     | |  3.4
Translocations | |  3.4
Transmutations | |  3.4
Fire Magic     | |  3.4
Ice Magic      | |  3.4
Air Magic      | |  3.4
Earth Magic    | |  3.4
Poison Magic   | |  3.4
Fighting       | 1 2 |  2.0
Dodging        | |  2.1
Stealth        | |  1.5

Action                     || total
---------------------------++-------
  Melee: Dagger            ||    11
   Cast: Foxfire           ||    18
         Scorch            ||    35
 Armour: Robe              ||     7
  Dodge: Dodged            ||    20

Table legend: (Time is in decaauts)
 A = Elapsed time spent in this place.
 B = Non-inter-level travel time spent in this place.
 C = Inter-level travel time spent in this place.
 D = Time resting spent in this place.
 E = Time spent auto-exploring this place.
 F = Levels seen in this place.
 G = Mean time per level.
                   A        B        C        D        E       F      G
               +--------+--------+--------+--------+--------+-----+--------+
         Total |   1486 |   1429 |     57 |    126 |   1113 |   3 |  495.3 |
       Dungeon |   1486 |   1429 |     57 |    126 |   1113 |   3 |  495.3 |
               +--------+--------+--------+--------+--------+-----+--------+

Top non-repeatable levels by time:
     D:1: 1005 daAuts
     D:2: 476 daAuts
     D:3: 3 daAuts
